 Dungeon Crawl Stone Soup version 0.27-a0-1046-g98bf31544f (webtiles) character file.

Game seed: 11226014940078050898

104 senseless the Skirmisher (level 4, 0/39 HPs)
             Began as a Palentonga Fighter on Apr 19, 2021.
             Was a Believer of Trog.
             Slain by a goblin
             ... wielding a +0 club
              (6 damage)
             ... on level 2 of the Dungeon.
             The game lasted 00:05:35 (1272 turns).

senseless the Skirmisher (Palentonga Fighter)       Turns: 1272, Time: 00:05:36

Health: 0/39       AC:  6    Str: 20    XL:     4   Next: 52%
Magic:  4/4        EV:  5    Int:  8    God:    Trog [**....]
Gold:   45         SH:  9    Dex: 10    Spells: 3/3 levels left

rFire    . . .     SeeInvis +   f - +2 morningstar (holy)
rCold    . . .     Faith    .   c - +0 kite shield
rNeg     . . .     Spirit   .   b - +0 scale mail
rPois    .         Reflect  .   (no helmet)
rElec    .         Harm     .   (no cloak)
rCorr    .         Rampage  .   (no gloves)
Will     .....                  (no barding)
Stlth    ..........             (no amulet)
HPRegen  0.13/turn              (no ring)
MPRegen  0.09/turn              (no ring)

@: on berserk cooldown, slowed, very slow
A: large, rugged brown scales 3, see invisible, deformed body, roll 1, armoured
tail
a: Rolling Charge, Renounce Religion, Berserk, Trog's Hand


You were on level 2 of the Dungeon.
You worshipped Trog.
Trog was pleased with you.
You visited 1 branch of the dungeon, and saw 2 of its levels.

You collected 45 gold pieces.

Inventory:

Hand Weapons
 a - a +0 long sword
 f - a +2 morningstar of holy wrath (weapon)
Armour
 b - a +0 scale mail (worn)
 c - a +0 kite shield (worn)
Scrolls
 e - a scroll of identify {unknown}
 h - a scroll of fear {unknown}
 i - a scroll of teleportation {unknown}
Potions
 d - a potion of might
 g - a potion of curing {unknown}


   Skills:
 * Level 4.0 Fighting
 - Level 2.2 Long Blades
 + Level 1.3 Maces & Flails
 + Level 2.9 Armour
 + Level 3.0 Shields


You had 3 spell levels left.
You didn't know any spells.
Your spell library was empty.

Dungeon Overview and Level Annotations

Branches:
Dungeon (2/15)

Altars:
Trog

Annotations:
D:2 Robin


Innate Abilities, Weirdness & Mutations

You are completely covered in rugged brown scales. (AC +3, +7% HP)
You have supernaturally acute eyesight. (SInv)
Armour fits poorly on your strangely shaped body.
You can roll at nearby foes to attack.
You have a long armoured tail.


Message History

Your +2 morningstar of holy wrath melds into your body.
Your +0 kite shield melds into your body.
Your +0 scale mail melds into your body.
Your +2 morningstar of holy wrath stops glowing.
A hobgoblin comes into view.
You are no longer berserk.
You are exhausted.
You feel yourself slow down.
Items here: ( )))))) ? †††.
Robin hits you from afar with a +0 trident.
Robin throws the goblin at you! The goblin hits you with a +0 club.
The goblin no longer looks unusually strong.
Robin roars a battlecry!
The goblins go into a battle-frenzy!
Robin throws the goblin at you! The goblin misses you.
Why would you want to do that? Robin barely misses you.
The goblin barely misses you.
Your transformation is almost over.
The goblin hits you with a +0 club. Robin barely misses you.
Robin hits you from afar with a +0 trident.
The hobgoblin misses you.
Robin zaps a wand.
You resist with some effort. Robin throws the goblin at you!
The hobgoblin barely misses you. Robin barely misses you.
The goblin completely misses you.
Robin hits you from afar with a +0 trident.
The goblin hits you with a +0 club.
* * * LOW HITPOINT WARNING * * *
Your transformation has ended.
Your +2 morningstar of holy wrath unmelds from your body.
Your +0 kite shield unmelds from your body.
Your +0 scale mail unmelds from your body.
Your +2 morningstar of holy wrath softly glows with a divine radiance!
Robin says, "Bow before me, strongest of all the hobgoblins!"
Robin throws the goblin at you!
* * * LOW HITPOINT WARNING * * *
The goblin hits you with a +0 club.
* * * LOW HITPOINT WARNING * * *
The goblin hits you but does no damage. You block the hobgoblin's attack.
The goblin hits you with a +0 club.
You die...

#.... ..# ####
.....###.###..
#≈≈≈≈≈≈≈#.. #
#......##.# .# .. #.
#...≈..##.##.#...
#..#.....###........
#........g.gg...#
#........###g##.#
#######)## #@# #.#
#.# #).# #.# #
#.#.##.# . .###.#.#
#. # ##..# ##..
##†####.# #).≈
#......# # ##>.≈
#..##...##
####.##....


You could see Robin, a hobgoblin (strong) and a goblin (strong).

Vanquished Creatures
  Jessica (D:2)
  2 adders (D:2)
  2 dart slugs (D:1)
  4 bats
  10 goblins
  12 hobgoblins
  6 jackals (D:1)
  A quokka (D:1)
  4 ball pythons
  3 frilled lizards
  2 kobolds (D:2)
  4 rats (D:1)
51 creatures vanquished.

Notes
Turn   | Place    | Note
-------+----------+-------------------------------------------
     0 | D:1      | senseless the Palentonga Fighter began the quest for the
                  | Orb.
     0 | D:1      | Reached XP level 1. HP: 19/19 MP: 1/1
    74 | D:1      | Reached XP level 2. HP: 25/25 MP: 2/2
   174 | D:1      | Found a faded altar of an unknown god.
   181 | D:1      | Became a worshipper of Trog the Wrathful
   181 | D:1      | Reached * piety under Trog
   533 | D:1      | Reached XP level 3. HP: 31/31 MP: 3/3
  1054 | D:2      | Reached skill level 1 in Maces & Flails
  1127 | D:2      | Noticed Jessica
  1129 | D:2      | Reached ** piety under Trog
  1134 | D:2      | Killed Jessica
  1135 | D:2      | Reached XP level 4. HP: 25/39 MP: 4/4
  1243 | D:2      | Noticed Robin
  1252 | D:2      | Reached skill level 4 in Fighting
  1272 | D:2      | Slain by a goblin

Illustrated notes

Levels and vault maps discovered:
D:1:      dpeg_arrival_three_same_balls, layout_basic, basic_ecumenical_altar
D:2:      layout_loops_ring, serial_rivers, chequers_serial_rivers_marsh,
          chequers_serial_rivers_micro_b, chequers_serial_rivers_small_b,
          chequers_serial_rivers_micro_c, chequers_serial_rivers_micro_e,
          chequers_serial_rivers_micro_c, minivault_26, corner_web_ring,
          minmay_tetromino_l2, uniq_jessica, uniq_robin

Skill      XL: |  1  2  3  4 |
---------------+-------------+-----
Maces & Flails | 1 |  1.3
Shields        | 3 |  3.0
Fighting       | 4 |  4.0
Long Blades    | |  2.2
Armour         | |  2.9

Action                   |  1- 3 |  4- 6 || total
-------------------------+-------+-------++-------
Melee: Long sword        |    19 |       ||    19
       Morningstar       |    74 |    16 ||    90
       Tailslap          |     8 |     3 ||    11
Invok: Berserk           |       |     1 ||     1
 Abil: Rolling Charge    |    24 |     2 ||    26
Armor: Scale mail        |    45 |    13 ||    58
Dodge: Dodged            |    24 |    15 ||    39
Block: Kite shield       |    41 |     9 ||    50
       Rpst.: Long sword |     3 |       ||     3

Table legend: (Time is in decaauts)
 A = Elapsed time spent in this place.
 B = Non-inter-level travel time spent in this place.
 C = Inter-level travel time spent in this place.
 D = Time resting spent in this place.
 E = Time spent auto-exploring this place.
 F = Levels seen in this place.
 G = Mean time per level.
                   A        B        C        D        E       F      G
               +--------+--------+--------+--------+--------+-----+--------+
         Total |   1339 |   1286 |     53 |    295 |    720 |   2 |  669.5 |
       Dungeon |   1339 |   1286 |     53 |    295 |    720 |   2 |  669.5 |
               +--------+--------+--------+--------+--------+-----+--------+

Top non-repeatable levels by time:
     D:1: 895 daAuts
     D:2: 444 daAuts
